 Dungeon Crawl Stone Soup version 0.23.2-1-ga50397a6bc (webtiles) character file.

Game seed: 8790742875729363640

140595 Morbidden the Brawler (level 16, -9/126 HPs)
             Began as a Demonspawn Fighter on Apr 25, 2019.
             Was a High Priest of Okawaru.
             Killed from afar by an orc sorcerer (37 damage)
             ... with a bolt of negative energy
             ... while paralysed by an orc sorcerer
             ... on level 2 of the Orcish Mines on Apr 26, 2019.
             The game lasted 01:17:49 (29270 turns).

Morbidden the Brawler (Demonspawn Fighter)         Turns: 29270, Time: 01:17:49

Health: -9/126     AC: 32    Str: 18    XL:     16   Next: 76%
Magic:  0/29       EV:  2    Int: 21    God:    Okawaru [*****.]
Gold:   2819       SH:  0    Dex: 16    Spells: 31/34 levels left

rFire    + . .     SeeInvis .   a - +7 quick blade
rCold    . . .     Gourm    .   R - +0 buckler "Feuhot" {Slay+3}
rNeg     . . .     Faith    .   r - +5 plate armour "Soud" {rF+ Dex+3}
rPois    .         Spirit   +   (helmet unavailable)
rElec    .         Reflect  .   J - +3 cloak "Ziwah" {rC- Int+6}
rCorr    .         Harm     .   N - +0 pair of gloves
MR       +....                  t - +1 pair of boots
Stlth    ..........             i - amulet of guardian spirit
HPRegen  0.31/turn              s - ring of protection from cold
MPRegen  0.21/turn              b - +3 ring of protection

@: paralysed, heroism, hasted, heavily drained
A: horns 3, repulsion field 2, powered by pain 2
a: Heroism, Finesse, Renounce Religion


You were on level 2 of the Orcish Mines.
You worshipped Okawaru.
Okawaru was extremely pleased with you.
You were completely stuffed.

You visited 4 branches of the dungeon, and saw 24 of its levels.
You also visited: Bailey, Gauntlet and Volcano.

You collected 2904 gold pieces.
You spent 85 gold pieces at shops.

Inventory:

Hand Weapons
 a - a +7 quick blade (weapon)
Missiles
 P - 21 javelins (quivered)
Armour
 m - the quicksilver dragon scales of Courage {rElec MR+ Int+3}
   (You found it in a bailey)

   It affects your intelligence (+3).
   It insulates you from electricity.
   It affects your resistance to hostile enchantments.
 r - the +5 plate armour "Soud" (worn) {rF+ Dex+3}
   (You found it on level 8 of the Dungeon)

   It affects your dexterity (+3).
   It protects you from fire.
 t - a +1 pair of boots (worn)
 J - the +3 cloak "Ziwah" (worn) {rC- Int+6}
   (You found it in a Gauntlet)

   It affects your intelligence (+6).
   It makes you vulnerable to cold.
 N - a +0 pair of gloves (worn)
 R - the +0 buckler "Feuhot" (worn) {Slay+3}
   (You found it in a Gauntlet)

   It affects your accuracy and damage with ranged weapons and melee attacks
   (+3).
Jewellery
 b - a +3 ring of protection (right hand)
 g - an uncursed ring of fire
 i - an amulet of guardian spirit (around neck)
 s - a ring of protection from cold (left hand)
 B - a +6 ring of strength
 F - an uncursed ring of positive energy
 K - an uncursed ring of wizardry
 M - the ring "Xoamnuh" {rPois rF- Str+6 Stlth-}
   (You found it in a Gauntlet)

   [ring of attention]

   It affects your strength (+6).
   It makes you vulnerable to fire.
   It protects you from poison.
   It makes you less stealthy.
 Q - an uncursed ring of resist corrosion
Wands
 n - a wand of paralysis (2)
 x - a wand of random effects (26)
 y - a wand of polymorph (40)
 G - a wand of disintegration (20)
 H - a wand of enslavement (6)
 T - a wand of iceblast (19)
Scrolls
 h - 9 scrolls of identify
 k - 9 scrolls of enchant armour
 o - 6 scrolls of immolation
 p - 11 scrolls of teleportation
 q - a scroll of fear
 A - 5 scrolls of remove curse
 C - 5 scrolls of fog
 I - 4 scrolls of magic mapping
 L - a scroll of enchant weapon
 O - a scroll of amnesia
 U - a scroll of blinking
Potions
 c - 3 potions of might
 e - 3 potions of haste
 f - a potion of agility
 j - 5 potions of curing
 l - 2 potions of invisibility
 u - 2 potions of flight
 v - 2 potions of lignification
 w - 5 potions of mutation
 z - 3 potions of brilliance
 D - a potion of cancellation
 E - a potion of berserk rage
 W - a potion of magic
Miscellaneous
 S - 2 phantom mirrors
Comestibles
 d - 43 rations


   Skills:
 * Level 11.4(13.9) Fighting
 - Level 8.0(10.7) Short Blades
 + Level 10.1(12.7) Armour
 * Level 4.8(7.7) Dodging
 + Level 1.7(4.8) Stealth
 - Level 4.0(6.9) Shields
 + Level 16.8(19.0) Unarmed Combat
 * Level 9.5(7.4) Spellcasting
 + Level 3.0(1.2) Transmutations
 - Level 8.0(5.9) Invocations
 + Level 0.8(0.0) Evocations


You had 31 spell levels left.
You knew the following spells:

 Your Spells              Type           Power        Failure   Level  Hunger
a - Ignite Poison         Fire/Tmut/Pois #.......     98%         3    None

Your spell library contained the following spells:

 Spells                   Type           Power        Failure   Level  Hunger
 Animate Skeleton         Necr           N/A          82%         1    None
 Apportation              Tloc           #.....       82%         1    None
 Confusing Touch          Hex            #.....       82%         1    None
 Pain                     Necr           #...         82%         1    None
 Sandblast                Erth           #.....       82%         1    None
 Summon Small Mammal      Summ           #...         82%         1    None
 Poisonous Vapours        Pois/Air       #.....       91%         2    None
 Spider Form              Tmut/Pois      ##........   98%         3    None
 Conjure Flame            Conj/Fire      #.......     99%         3    None
 Inner Flame              Hex/Fire       #.......     99%         3    None
 Mephitic Cloud           Conj/Pois/Air  #.......     99%         3    None
 Regeneration             Chrm/Necr      #.........   99%         3    None
 Vampiric Draining        Necr           #.........   99%         3    None
 Animate Dead             Necr           N/A          100%        4    ###....
 Leda's Liquefaction      Hex/Erth       #.........   100%        4    ###....
 Borgnjor's Vile Clutch   Necr/Erth      #.........   100%        5    #####..
 Lee's Rapid Deconstruct  Erth           #.........   100%        5    #####..
 Venom Bolt               Conj/Pois      #.........   100%        5    #####..
 Freezing Cloud           Conj/Ice/Air   #.........   100%        6    ######.
 Ring of Flames           Chrm/Fire      #.........   100%        7    #######


Dungeon Overview and Level Annotations

Branches:
Dungeon (15/15)            Temple (1/1) D:5            Lair (6/6) D:11
 Shoals (0/4) Lair:4       Spider (0/4) Lair:2        Slime (0/5) Lair:5
    Orc (2/2) D:11            Elf (0/3) Orc:2        Vaults (0/5) D:13
 Depths (0/5) D:15

Altars:
Ashenzari
Cheibriados
Elyvilon
Fedhas
Hepliaklqana
Makhleb
Nemelex Xobeh
Okawaru
Qazlal
Ru
Uskayaw
Wu Jian
Xom
Zin
Beogh
Jiyva

Shops:
D:11 (   Orc:2 **

Annotations:
D:12 1 runed translucent door, Shannon138's ghost, journeyman NaWn
D:14 3 runed translucent doors, 1994's ghost, journeyman TrFi
Lair:4 exclusion: oklob plant
Lair:5 4 runed translucent doors, Vig Uhad's ghost, journeyman OpTm


Innate Abilities, Weirdness & Mutations

You have a pair of large horns on your head.
You are surrounded by a moderate repulsion field. (EV +3)
You sometimes gain power by taking damage.


Message History

The bolt of negative energy hits you.
You feel drained. The orc sorcerer barely misses you.
Things that are here:
a +0 trident; an orc skeleton The sixfirhy hits you.
The sixfirhy shocks you! You block the sixfirhy's attack.
Things that are here:
a +0 ring mail; a +0 dire flail; an orc skeleton The sixfirhy hits you but does no damage. x2
The orc sorcerer casts a spell at you.
You suddenly lose the ability to move!
The orc sorcerer points at you and mumbles some strange words.
The bolt of negative energy hits you!!
You feel drained.
* * * LOW HITPOINT WARNING * * *
The sixfirhy hits you but does no damage. x4
The orc sorcerer casts a spell at you.
The bolt of negative energy hits the sixfirhy.
The sixfirhy completely resists.
The bolt of negative energy hits you!!!
You feel drained.
You die...

...###.....#.## ##..#.....#
#...###.....o.# ##.....#.∩##
##...###.#o##..# ##....#...###
.##...###)[)##..# ##...#....###.
..#....###.o)##...##.÷......###..
........###.4o##.##...###..###...
.........###.oo###...###..###....
........))###.[3#...###..###.....
......)))).###[#@#[###..###......
............###...###..###.......
.............###.###..###........
..............#####).###.........
...............###..###..........
................#..)##...........
.................>...............
.................................
.................................


You could see 2 orc high priests, an ice devil, a sixfirhy and 3 orc sorcerers.

Vanquished Creatures
  Jorgrun (D:14)
  A minotaur (Gauntlet)
  A red draconian (Volcano)
  3 fire dragons
  2 vault guards (D:13)
  4 hydras
  Harold (D:9)
  2 ice dragons
  A centaur warrior (D:13)
  6 two-headed ogres
  9 death yaks
  An ogre mage (Volcano)
  2 tengu warriors (D:11)
  7 orc high priests
  Nergalle (Lair:3)
  3 skeletal warriors (D:15)
  2 fire crabs (Gauntlet)
  An infernal demonspawn (Orc:2)
  A gelid demonspawn (Orc:2)
  An unseen horror (D:14)
  A wizard (D:13)
  7 orc knights
  A swamp dragon (Lair:6)
  A wolf spider zombie (D:14)
  3 lindwurms (Lair:6)
  8 ugly things
  An orc sorcerer (Orc:2)
  2 deep elf magi (D:12)
  A cyclops (D:11)
  A manticore (D:15)
  2 oklob plants (D:11)
  11 elephants
  A rust devil (Orc:2)
  5 black mambas
  Joseph (D:10)
  A spiny frog (shapeshifter) (D:14)
  2 centaur skeletons
  5 torpor snails (Lair:6)
  7 spiny frogs
  A smoke demon (Orc:2)
  6 komodo dragons
  5 yaktaurs (D:15)
  A rime drake (Lair:6)
  A hellwing (Orc:2)
  A red devil (Orc:2)
  An ice devil (Orc:2)
  2 polar bears
  8 trolls
  3 tyrant leeches (Lair:6)
  9 hornets
  10 blink frogs
  9 slime creatures
  Prince Ribbit (D:8)
  10 hippogriffs
  7 dream sheep (Lair:5)
  A snapping turtle (Lair:4)
  A centaur simulacrum (D:15)
  A ynoxinul (Gauntlet)
  A shadow (D:11)
  3 vampires
  A wraith (D:10)
  A water elemental (D:14)
  22 humans (D:13)
  40 yaks
  2 wyverns
  3 steam dragons
  2 chaos spawn (Orc:2)
  6 fire bats (Gauntlet)
  4 hungry ghosts
  4 basilisks
  4 vampire mosquitoes (D:13)
  A warg (Orc:2)
  2 acid dragons
  13 water moccasins
  A hell hound (Gauntlet)
  9 porcupines
  51 orc warriors
  3 sky beasts
  2 swamp drakes (Lair:6)
  4 ice beasts
  A meliai simulacrum (D:15)
  23 wolves
  13 ogres
  A phantom (D:6)
  5 centaurs
  18 crocodiles
  6 big kobolds
  13 bullfrogs
  4 gnoll sergeants
  A wyvern skeleton (D:11)
  2 scorpions
  5 wights (D:7)
  6 electric eels
  2 centaur zombies
  4 howler monkeys
  4 crimson imps
  8 hounds
  25 orc priests
  2 bullfrog skeletons
  2 jellies
  4 iron imps (Gauntlet)
  20 orc wizards
  Terence (D:3)
  10 iguanas
  11 worker ants
  A hound zombie (D:7)
  A hound skeleton (D:6)
  A howler monkey zombie (D:9)
  20 gnolls
  14 adders
  5 shadow imps
  3 oozes
  3 adder skeletons
  4 worms
  4 dart slugs
  3 leopard geckos
  83 orcs
  2 ball pythons (D:1)
  9 giant cockroaches
  18 goblins
  16 hobgoblins
  8 jackals
  12 kobolds
  11 quokkas
  8 bats
  4 frilled lizards
  A leopard gecko zombie (D:7)
  6 rats
  6 plants (D:11)
802 creatures vanquished.

Vanquished Creatures (collateral kills)
  A plant (Lair:6)
1 creature vanquished.

Vanquished Creatures (others)
  A rime drake (Lair:6)
  11 fungi
  20 plants
32 creatures vanquished.

Grand Total: 835 creatures vanquished

Notes
Turn   | Place    | Note
-------+----------+-------------------------------------------
     0 | D:1      | Morbidden the Demonspawn Fighter began the quest for the
                  | Orb.
     0 | D:1      | Reached XP level 1. HP: 18/18 MP: 1/1
   248 | D:1      | Reached skill level 2 in Unarmed Combat
   375 | D:1      | Gained mutation: You sometimes gain a little power by
                  | taking damage. [demonic ancestry]
   375 | D:1      | Reached XP level 2. HP: 24/24 MP: 2/2
   710 | D:1      | Reached XP level 3. HP: 25/29 MP: 3/3
  1833 | D:2      | Reached XP level 4. HP: 32/37 MP: 4/4
  1862 | D:2      | Reached skill level 3 in Unarmed Combat
  2289 | D:2      | Found a shimmering altar of Xom.
  2292 | D:2      | Found a transporter.
  2304 | D:2      | Found a transporter.
  2342 | D:2      | Gained mutation: You have a pair of small horns on your
                  | head. [demonic ancestry]
  2342 | D:2      | Reached XP level 5. HP: 24/42 MP: 5/5
  2694 | D:3      | Reached skill level 4 in Unarmed Combat
  2781 | D:3      | Noticed an ogre
  2856 | D:3      | Found a sacrificial altar of Ru.
  3246 | D:3      | Killed an ogre
  3246 | D:3      | Gained mutation: You are surrounded by a mild repulsion
                  | field. (EV +2) [demonic ancestry]
  3246 | D:3      | Reached XP level 6. HP: 48/48 MP: 6/6
  3348 | D:3      | Noticed Terence
  3359 | D:3      | Killed Terence
  3923 | D:4      | Reached skill level 1 in Spellcasting
  4245 | D:4      | Gained mutation: You are surrounded by a moderate repulsion
                  | field. (EV +3) [demonic ancestry]
  4245 | D:4      | Reached XP level 7. HP: 47/55 MP: 6/8
  4801 | D:4      | Reached skill level 5 in Unarmed Combat
  5161 | D:5      | Entered Level 5 of the Dungeon
  5207 | D:5      | You fall through a shaft for 3 floors!
  5221 | D:8      | Got a jewelled plate armour
  5239 | D:8      | Identified the +5 plate armour "Soud" {rF+ Dex+3} (You
                  | found it on level 8 of the Dungeon)
  5250 | D:8      | Noticed a hungry ghost
  5269 | D:7      | Noticed a hippogriff
  5533 | D:6      | Reached skill level 6 in Unarmed Combat
  5737 | D:6      | Reached XP level 8. HP: 45/61 MP: 7/11
  5924 | D:5      | Reached skill level 5 in Fighting
  6211 | D:5      | Found a burning altar of Makhleb.
  6280 | D:5      | Reached skill level 5 in Armour
  6287 | D:5      | Reached skill level 7 in Unarmed Combat
  6325 | D:5      | Noticed a +0 dagger
  6326 | D:5      | Noticed a +0 hand axe
  6351 | D:5      | Noticed a hippogriff
  6377 | D:5      | Killed a hippogriff
  6432 | D:5      | Found a hide-covered altar of Uskayaw.
  6607 | D:5      | Found a staircase to the Ecumenical Temple.
  6621 | D:5      | Got a dazzling long sword
  6623 | D:5      | Identified the cursed +0 long sword of Eriohete {elec,
                  | rPois} (You found it on level 5 of the Dungeon)
  6632 | Temple   | Entered the Ecumenical Temple
  6648 | Temple   | Became a worshipper of Warmaster Okawaru
  6764 | D:7      | Noticed a hippogriff
  6792 | D:6      | Killed a hippogriff
  6792 | D:6      | Reached * piety under Okawaru
  6792 | D:6      | Reached skill level 8 in Unarmed Combat
  6792 | D:6      | Reached skill level 1 in Invocations
  6869 | D:7      | Killed a hippogriff
  6869 | D:7      | Gained mutation: You have a pair of horns on your head.
                  | [demonic ancestry]
  6869 | D:7      | Reached XP level 9. HP: 39/68 MP: 7/13
  7544 | D:7      | Reached ** piety under Okawaru
  7596 | D:7      | Reached skill level 9 in Unarmed Combat
  7610 | D:7      | Found a stormy altar of Qazlal.
  8186 | D:8      | Noticed Prince Ribbit
  8359 | D:8      | Killed Prince Ribbit
  8476 | D:9      | Reached *** piety under Okawaru
  8490 | D:9      | Found a flagged portal.
  8509 | Bailey   | Entered a bailey
  8623 | Bailey   | Found an iron altar of Okawaru.
  8623 | Bailey   | Noticed an orc high priest
  8623 | Bailey   | Noticed an orc high priest
  8629 | Bailey   | Noticed an ice devil
  8629 | Bailey   | Noticed a hellwing
  8631 | Bailey   | Noticed a hellwing
  8634 | Bailey   | Killed an orc high priest
  8634 | Bailey   | Reached skill level 10 in Unarmed Combat
  8634 | Bailey   | Gained mutation: You have a pair of large horns on your
                  | head. [demonic ancestry]
  8634 | Bailey   | Reached XP level 10. HP: 76/76 MP: 11/15
  8639 | Bailey   | Killed an orc high priest
  8639 | Bailey   | Reached **** piety under Okawaru
  8655 | Bailey   | Noticed an orc knight
  8687 | Bailey   | Killed an orc knight
  8735 | Bailey   | Noticed an orc knight
  8748 | Bailey   | Killed an orc knight
  8826 | Bailey   | Got encrusted quicksilver dragon scales
  8838 | Bailey   | Identified the cursed quicksilver dragon scales of Courage
                  | {rElec MR+ Int+3} (You found it in a bailey)
  8886 | Bailey   | Reached skill level 11 in Unarmed Combat
  9011 | Bailey   | Reached ***** piety under Okawaru
  9011 | Bailey   | Reached skill level 5 in Invocations
  9066 | Bailey   | Reached skill level 1 in Dodging
  9908 | D:9      | Noticed Harold
  9929 | D:9      | Killed Harold
  9929 | D:9      | Reached XP level 11. HP: 61/83 MP: 12/17
  9977 | D:9      | Received a gift from Okawaru
  9987 | D:9      | Got a fine longbow {god gift}
  9988 | D:9      | Identified the +1 longbow "Ivuovur" {venom, MR+ Dex+4}
                  | (Okawaru gifted it to you on level 9 of the Dungeon)
 10223 | D:10     | Entered Level 10 of the Dungeon
 10653 | D:10     | Noticed Joseph
 10671 | D:10     | Killed Joseph
 10671 | D:10     | Reached skill level 12 in Unarmed Combat
 10695 | D:10     | Identified Sif Muna's Volume of Earthen Poisoning
 11168 | D:11     | Found a blossoming altar of Fedhas.
 11201 | D:11     | Noticed a two-headed ogre
 11206 | D:11     | Killed a two-headed ogre
 11315 | D:11     | Found a staircase to the Orcish Mines.
 11331 | D:11     | Reached skill level 5 in Spellcasting
 11436 | D:11     | Found a roughly hewn altar of Beogh.
 11436 | D:11     | Noticed an orc knight
 11445 | D:11     | Noticed a tengu warrior
 11457 | D:11     | Reached skill level 13 in Unarmed Combat
 11461 | D:11     | Noticed a tengu warrior
 11473 | D:11     | Killed an orc knight
 11486 | D:11     | Killed a tengu warrior
 11811 | D:11     | Killed a tengu warrior
 11811 | D:11     | Received a gift from Okawaru
 12088 | D:11     | Reached XP level 12. HP: 62/91 MP: 18/20
 12141 | D:11     | Found Suegir's Antique Weapon Shoppe.
 12194 | D:11     | Found a staircase to the Lair.
 12394 | Lair:1   | Entered Level 1 of the Lair of Beasts
 12873 | Lair:1   | Received a gift from Okawaru
 12893 | Lair:1   | Reached skill level 14 in Unarmed Combat
 13932 | Lair:2   | Reached skill level 1 in Short Blades
 13965 | Lair:2   | Found a hole to the Spider Nest.
 14836 | Lair:3   | Received a gift from Okawaru
 15357 | Lair:3   | Noticed Nergalle
 15374 | Lair:3   | Killed Nergalle
 15374 | Lair:3   | Gained mutation: You sometimes gain power by taking damage.
                  | [demonic ancestry]
 15374 | Lair:3   | Reached XP level 13. HP: 77/98 MP: 19/22
 15454 | Lair:4   | Reached ****** piety under Okawaru
 16095 | Lair:4   | Reached skill level 1 in Stealth
 16118 | Lair:4   | Received a gift from Okawaru
 16146 | Lair:4   | Found a burning altar of Makhleb.
 16149 | Lair:4   | Got a pair of scorched gloves
 16155 | Lair:4   | Identified the cursed -6 pair of gloves of Dice, Bag, and
                  | Bottle {rElec rF++ Int-3 SInv} (You found it on level 4 of
                  | the Lair of Beasts)
 16471 | Lair:4   | Found a staircase to the Shoals.
 16968 | Lair:5   | Noticed a minotaur
 16968 | Lair:5   | Noticed Vig Uhad's ghost (journeyman OpTm)
 17024 | Lair:5   | Found a dark tunnel.
 17075 | Volcano  | Entered a volcano
 17110 | Volcano  | Reached skill level 15 in Unarmed Combat
 17265 | Volcano  | Noticed a red draconian
 17278 | Volcano  | Killed a red draconian
 17292 | Volcano  | Identified the +1 helmet of a treasure trove {-Cast MR+
                  | Int+5} (You found it in a volcano)
 17433 | Lair:5   | Found a runed translucent gate.
 17433 | Lair:5   | Found a runed translucent gate.
 17433 | Lair:5   | Found a runed translucent gate.
 17589 | Lair:5   | Received a gift from Okawaru
 17653 | Lair:5   | Got a clouded lead amulet
 17654 | Lair:5   | Identified the amulet of Waohenaj {Harm *Drain rElec rPois
                  | rF+} (You acquired it on level 5 of the Lair of Beasts)
 18177 | Lair:5   | Found a runed translucent door.
 18177 | Lair:5   | Found a viscous altar of Jiyva.
 18177 | Lair:5   | Found a staircase to the Slime Pits.
 18177 | Lair:5   | Noticed an acid blob
 18186 | Lair:5   | Received a gift from Okawaru
 18391 | Lair:5   | Learned a level 3 spell: Ignite Poison
 18413 | Lair:6   | Entered Level 6 of the Lair of Beasts
 18456 | Lair:6   | Found a gate leading to a gauntlet.
 18473 | Gauntlet | Entered a Gauntlet
 18473 | Gauntlet | Found a transporter.
 18473 | Gauntlet | Found a transporter.
 18473 | Gauntlet | Found a transporter.
 18485 | Gauntlet | Found a transporter.
 18489 | Gauntlet | Found a transporter.
 18489 | Gauntlet | Found a transporter.
 18496 | Gauntlet | Found a transporter.
 18497 | Gauntlet | Found a transporter.
 18498 | Gauntlet | Found a transporter.
 18500 | Gauntlet | Found a transporter.
 18509 | Gauntlet | Found a transporter.
 18509 | Gauntlet | Found a transporter.
 18708 | Gauntlet | Got a fine cloak
 18714 | Gauntlet | Identified the +3 cloak "Ziwah" {rC- Int+6} (You found it
                  | in a Gauntlet)
 18892 | Gauntlet | Got a translucent golden ring
 18894 | Gauntlet | Identified the ring "Xoamnuh" {rPois rF- Str+6 Stlth-} (You
                  | found it in a Gauntlet)
 18941 | Gauntlet | Identified the +1 quarterstaff of Puibb {freeze, rF+ Str+2
                  | Dex+2}
 18941 | Gauntlet | Identified the ring "Dijaq" {*Tele rN++ Stlth+}
 18941 | Gauntlet | Noticed a minotaur
 18951 | Gauntlet | Killed a minotaur
 18951 | Gauntlet | Reached skill level 1 in Transmutations
 18951 | Gauntlet | Reached XP level 14. HP: 70/108 MP: 15/25
 18969 | Gauntlet | Identified the Grimoire of the Blaze and Contamination
 18971 | Gauntlet | Got a spiked buckler
 18994 | Lair:6   | Identified the +0 buckler "Feuhot" {Slay+3} (You found it
                  | in a Gauntlet)
 19252 | Lair:6   | Reached skill level 5 in Short Blades
 20286 | Lair:6   | Received a gift from Okawaru
 20530 | Lair:6   | Found a runed translucent door.
 20765 | Lair:6   | Paralysed by a hornet for 3 turns
 20771 | Lair:6   | Paralysed by a hornet for 2 turns
 21428 | Lair:6   | Received a gift from Okawaru
 21428 | Lair:6   | Reached skill level 16 in Unarmed Combat
 22180 | D:12     | Found a runed translucent door.
 22181 | D:12     | Noticed Shannon138's ghost (journeyman NaWn)
 22181 | D:12     | Identified the +8 spear of Gyoterie {pain, rF+ rN+ Str+3
                  | Int-4}
 23308 | D:13     | Received a gift from Okawaru
 23308 | D:13     | Reached XP level 15. HP: 115/115 MP: 27/27
 23646 | D:13     | Reached skill level 10 in Fighting
 23752 | D:13     | Found a gate to the Vaults.
 23894 | D:14     | Noticed Jorgrun
 23916 | D:14     | Killed Jorgrun
 23916 | D:14     | Received a gift from Okawaru
 23919 | D:14     | Got a faintly humming buckler {god gift}
 23920 | D:14     | Identified the +1 buckler of Amorality {MR+} (Okawaru
                  | gifted it to you on level 14 of the Dungeon)
 24002 | D:14     | Found a runed translucent gate.
 24003 | D:14     | Found a runed translucent gate.
 24003 | D:14     | Noticed 1994's ghost (journeyman TrFi)
 24004 | D:14     | Noticed a tengu reaver
 24006 | D:14     | Found a runed translucent gate.
 24601 | D:14     | Noticed a tengu reaver
 24654 | D:15     | Entered Level 15 of the Dungeon
 24764 | D:15     | Reached XP level 16. HP: 33/124 MP: 12/29
 25488 | D:15     | HP: 6/124 [poisoned by a green ugly thing]
 25493 | D:15     | HP: 4/124 [poisoned by a green ugly thing]
 25498 | D:15     | HP: 3/124 [poisoned by a green ugly thing]
 25504 | D:15     | HP: 3/124 [poisoned by a green ugly thing]
 25511 | D:15     | HP: 3/124 [poisoned by a green ugly thing]
 25994 | D:15     | Found a staircase to the Depths.
 26745 | D:15     | Found a shattered altar of Ashenzari.
 26949 | Orc:1    | Entered Level 1 of the Orcish Mines
 27324 | Orc:2    | Entered Level 2 of the Orcish Mines
 27776 | Orc:2    | Found Donuan's General Store.
 27778 | Orc:2    | Found Jihoatai's General Store.
 28387 | Orc:2    | Bought a potion of heal wounds for 85 gold pieces
 28392 | Orc:2    | Found a staircase to the Elven Halls.
 28631 | Orc:2    | Reached skill level 10 in Armour
 29267 | Orc:2    | Paralysed by an orc sorcerer for 7 turns
 29270 | Orc:2    | Killed from afar by an orc sorcerer

Skill      XL: |  1  2  3  4  5  6  7  8  9 10 11 12 13 14 15 16 |
---------------+-------------------------------------------------+-----
Unarmed Combat | 2 3 4 6 8 10 11 13 14 15 16 | 16.8
Armour         | 3 4 5 6 7 8 9 10 | 10.1
Fighting       | 4 5 6 7 8 9 10 11 | 11.4
Spellcasting   | 1 2 3 4 5 6 7 8 9 |  9.5
Invocations    | 1 4 5 6 8 |  8.0
Dodging        | 1 3 4 |  4.8
Short Blades   | 3 4 6 7 8 |  8.0
Stealth        | 1 |  1.7
Transmutations | 1 3 |  3.0
Shields        | 4 |  4.0
Evocations     | |  0.8

Action                   |  1- 3 |  4- 6 |  7- 9 | 10-12 | 13-15 | 16-18 || total
-------------------------+-------+-------+-------+-------+-------+-------++-------
Melee: Unarmed           |   202 |   237 |   447 |   911 |  1030 |   193 ||  3020
       Punch             |     4 |     4 |    11 |    39 |    25 |       ||    83
       Headbutt          |       |    35 |   102 |   218 |   297 |   168 ||   820
       Quick blade       |       |       |       |       |   150 |   406 ||   556
Throw: Javelin           |       |       |       |       |     3 |     1 ||     4
Invok: Heroism           |       |       |     1 |     6 |    14 |     6 ||    27
       Finesse           |       |       |       |     3 |     8 |     4 ||    15
Evoke: Wand              |       |       |     4 |       |     4 |     1 ||     9
  Use: Potion            |       |     5 |     2 |     5 |     8 |     7 ||    27
       Scroll            |       |     7 |    11 |    11 |    15 |     2 ||    46
 Stab: Distracted        |       |       |       |     1 |       |       ||     1
       Paralysed         |       |       |       |       |     1 |       ||     1
       Invisible         |       |       |       |       |       |     3 ||     3
  Eat: Chunk             |     3 |     8 |    13 |    20 |    28 |     7 ||    79
       Ration            |       |       |     3 |     1 |     1 |     5 ||    10
Armor: Scale mail        |    65 |       |       |       |       |       ||    65
       Chain mail        |    10 |   114 |    23 |       |       |       ||   147
       Plate armour      |       |       |   263 |   435 |   628 |   163 ||  1489
       Quicksilver drago |       |       |       |    39 |     2 |    10 ||    51
       Skin              |       |       |       |    22 |     3 |       ||    25
Dodge: Dodged            |    75 |   112 |   188 |   368 |   470 |   205 ||  1418
Block: Shield            |     7 |       |       |       |       |       ||     7
       Buckler           |       |       |       |       |   143 |   109 ||   252
